 Dungeon Crawl Stone Soup version 0.32-a0-22-g6ae6769602 (webtiles) character file.

Game seed: 15559219727614361100

3100 cforsyth the Fighter (level 10, -2/79 HPs)
             Began as a Djinni Alchemist on Jan 18, 2024.
             Was a Believer of Nemelex Xobeh.
             Slain by a slime creature (18 damage)
             ... on level 6 of the Dungeon.
             The game lasted 00:15:18 (8503 turns).

cforsyth the Fighter (Djinni Alchemist)             Turns: 8503, Time: 00:15:19

Health: -2/79      AC:  7    Str:  9    XL:     10   Next: 13%
Gold:   405        EV: 12    Int: 21    God:    Nemelex Xobeh [**....] SH:  0 Dex: 16

rFire   + + .        (no weapon)
rCold   . . .        (no shield)
rNeg    . . .        a - +0 robe
rPois   ∞            (no helmet)
rElec   .            u - +0 cloak of Doocinor {rPois Str+2 Dex+2}
rCorr   .            (no gloves)
SInv    .            (boots unavailable)
Will    +....        (no amulet)
Stlth   ++           b - ring of protection from cold
HPRegen 0.33/turn    c - +4 ring of protection
MPRegen 0.00/turn

%: infuse magic (-3 HP)
@: flying, very slightly contaminated
A: sickness immunity, fire resistance 2, cold vulnerability 1, float, innate
caster, HP casting, extra vitality 1
a: Renounce Religion, Draw Escape, Draw Destruction, Draw Summoning


You were on level 6 of the Dungeon.
You worshipped Nemelex Xobeh.
Nemelex Xobeh was pleased with you.
You visited 2 branches of the dungeon, and saw 8 of its levels.
You also visited: Sewer.

You collected 483 gold pieces.
You spent 78 gold pieces at shops.

Inventory:

Missiles
 x - a throwing net
Armour
 a - a +0 robe (worn)
 u - the +0 cloak of Doocinor (worn) {rPois Str+2 Dex+2}
   (You found it on level 3 of the Dungeon)

   Str+2:     It affects your strength (+2).
   Dex+2:     It affects your dexterity (+2).
   rPois:     It protects you from poison
Jewellery
 b - a ring of protection from cold (left hand)
 c - a +4 ring of protection (right hand)
 r - the ring "Noinaosm" {Fire Int+4}
   (You found it on level 4 of the Dungeon)

   [ring of fire]

   Fire:      It enhances your fire magic.
   Int+4:     It affects your intelligence (+4).
   rF+:       It protects you from fire.
   rC-:       It makes you vulnerable to cold.
 t - a +6 ring of intelligence
 E - a ring of fire
Wands
 q - a wand of mindburst (24)
 v - a wand of polymorph (18)
 B - a wand of quicksilver (9)
 C - a wand of flame (10)
 H - a wand of roots (8)
Scrolls
 d - 2 scrolls of teleportation
 f - a scroll of blinking
 g - 2 scrolls of revelation
 h - a scroll of poison
 l - a scroll of enchant weapon
 m - a scroll of noise
 n - a scroll of vulnerability
 s - a scroll of torment
 w - 2 scrolls of enchant armour {unknown}
 y - a scroll of amnesia
 A - 3 scrolls of fog {unknown}
 D - 2 scrolls of acquirement {unknown}
 F - a scroll of brand weapon {unknown}
 G - a scroll of identify
Potions
 e - a potion of mutation {unknown}
 i - 4 potions of curing
 j - a potion of might
 k - 2 potions of ambrosia
 o - 2 potions of lignification
 p - 2 potions of heal wounds
 z - 2 potions of attraction


   Skills:
 + Level 9.7 Fighting
 - Level 2.1 Dodging
 - Level 1.5 Stealth
 + Level 8.0 Spellcasting
 + Level 8.0 Conjurations
 + Level 8.0 Hexes
 + Level 8.0 Summonings
 + Level 8.0 Necromancy
 + Level 8.0 Translocations
 + Level 8.0 Fire Magic
 + Level 8.0 Ice Magic
 + Level 8.0 Air Magic
 + Level 8.0 Earth Magic
 + Level 8.0 Alchemy


You knew the following spells:

 Your Spells              Type           Power      Damage    Failure   Level
a - Sting                 Conj/Alch      100%       1d9       1%          1
b - Mercury Vapours       Alch/Air       84%        N/A       1%          2
c - Mephitic Cloud        Conj/Alch/Air  42%        N/A       1%          3
d - Olgreb's Toxic Radia  Alch           42%        N/A       3%          4
e - Sticky Flame          Fire/Alch      42%        2d8       3%          4
f - Magic Dart            Conj           100%       1d8       1%          1
g - Ensorcelled Hibernat  Hex/Ice        84%        N/A       1%          2
h - Blink                 Tloc           84%        N/A       1%          2
i - Passage of Golubria   Tloc           42%        N/A       3%          4
Your spell library was empty.

Dungeon Overview and Level Annotations

Branches:
Dungeon (7/15)             Temple (1/1) D:4           Sewer (visited)

Altars:
Ashenzari
Cheibriados
Dithmenos
Elyvilon
Fedhas
Hepliaklqana
Makhleb
Nemelex Xobeh
Qazlal
Ru
Uskayaw
Wu Jian
Xom
Yredelemnul
Zin
The Shining One

Shops:
D:2 *

Annotations:
D:5 2 transporters, Zeia's ghost, novice DsNe
D:7 2 transporters, cforsyth's ghost, novice OnSh


Innate Abilities, Weirdness & Mutations

You are immune to sickness and miasma.
You are immune to poison.
Your flesh is very heat resistant. (rF++)
You are vulnerable to cold. (rC-)
You float through the air rather than walking.
You learn spells naturally, not from books.
Your magical power is your life essence.
You have superior vitality. (+4 MHP)


Message History

You fly upwards.
There is a stone staircase leading down here.
Casting: Sticky Flame (dangerous; 3% risk of failure)
Confirm with . or Enter, or press ? or * to list all spells.
Aiming: Sticky Flame (dangerous; 3% risk of failure)
Press: ? - help, Shift-Dir - straight line, f - slime creature
Aim: a slime creature You miscast Sticky Flame.
You are very lightly contaminated with residual magic.
Nothing appears to happen.
The slime creature hits you! x2
Casting: Sticky Flame (dangerous; 3% risk of failure)
Confirm with . or Enter, or press ? or * to list all spells.
Aiming: Sticky Flame (dangerous; 3% risk of failure)
Press: ? - help, Shift-Dir - straight line, f/p - slime creature
Aim: a slime creature The sticky flame hits the slime creature!
The slime creature is lightly wounded.
The slime creature burns!
The slime creature hits you!
The slime creature hits you but does no damage.
Casting: Sticky Flame (dangerous; 3% risk of failure)
Confirm with . or Enter, or press ? or * to list all spells.
Aiming: Sticky Flame (dangerous; 3% risk of failure)
Press: ? - help, Shift-Dir - straight line, f/p - slime creature
Aim: a slime creature (moderately wounded, covered in liquid flames)
The sticky flame hits the slime creature!
The slime creature is heavily wounded.
The slime creature burns!
The slime creature hits you! x2
* * * LOW HITPOINT WARNING * * *
Casting: Sticky Flame (dangerous; 3% risk of failure)
Confirm with . or Enter, or press ? or * to list all spells.
Aiming: Sticky Flame (dangerous; 3% risk of failure)
Press: ? - help, Shift-Dir - straight line, f/p - slime creature
Aim: a slime creature (severely wounded, covered in liquid flames)
The sticky flame hits the slime creature.
The slime creature is severely wounded.
* * * LOW HITPOINT WARNING * * *
The slime creature burns!
The slime creature misses you. The slime creature hits you!!
You die...
Your body disappears without a glow.

#.# #...#########.#..##
#.# #...##.[...........
#.# #..................
#.# #....#.##...####...
#.# #....#.#..#.#..+...
#.###....#......#.##...
#.......>....####.##...
#######J.#.#.####.#####
#@J...........(...
###.###.####.##### #.#
#.# #.##### #.# #.#
#......
#.###.##########
#...............
#.###.########## #.#
#.# #####.###


You could see 2 slime creatures.

Vanquished Creatures
  Pikel (D:4)
  2 hornets (D:7)
  A slime creature (D:6)
  Sigmund (D:5)
  Edmund (D:5)
  A water moccasin (D:5)
  Duvessa (D:5)
  A sky beast (D:7)
  A black bear (D:5)
  2 ice beasts (D:7)
  An ogre (D:7)
  A lemure (D:3)
  3 bullfrogs (D:6)
  2 brain worms (Sewer)
  2 scorpions
  A gnoll sergeant (D:5)
  Dowan (D:5)
  A bombardier beetle (D:5)
  2 hounds
  4 jellies
  An orc priest (D:3)
  Jessica (D:2)
  An iguana (D:5)
  Ijyb (D:5)
  15 adders
  3 gnolls (D:3)
  6 river rats (Sewer)
  A white imp (D:6)
  A dart slug (D:3)
  5 ribbon worms
  6 orcs
  4 endoplasms
  3 giant cockroaches
  11 goblins
  8 hobgoblins
  8 jackals
  4 quokkas (D:6)
  2 ball pythons
  2 bats (D:3)
  7 frilled lizards
  11 kobolds
  7 rats
138 creatures vanquished.

Notes
Turn   | Place    | Note
-------+----------+-------------------------------------------
     0 | D:1      | cforsyth the Djinni Alchemist began the quest for the Orb.
     0 | D:1      | cforsyth set off with the following spells memorised:
                  | Sting, Mercury Vapours, Mephitic Cloud, Olgreb's Toxic
                  | Radiance, Sticky Flame.
     0 | D:1      | Reached XP level 1. HP: 15/15 MP: 0/0
   777 | D:2      | Reached XP level 2. HP: 21/22 MP: 0/0
   827 | D:2      | Reached skill level 1 in Fighting
   866 | D:2      | Reached XP level 3. HP: 22/28 MP: 0/0
   866 | D:2      | Learned a level 1 spell: Magic Dart
  1052 | D:2      | Reached skill level 2 in Fighting
  1238 | D:2      | Reached XP level 4. HP: 30/33 MP: 0/0
  1285 | D:2      | Found Mostysir's Assorted Antiques.
  1348 | D:2      | Bought a scroll labelled HERREIS JUODY for 20 gold pieces
  1348 | D:2      | Bought a scroll labelled MOESTR FUEMAI for 20 gold pieces
  1348 | D:2      | Bought a scroll labelled CAOCYL QUISO for 20 gold pieces
  1348 | D:2      | Bought a fuming grey potion for 18 gold pieces
  1370 | D:2      | Noticed Jessica
  1377 | D:2      | Killed Jessica
  1632 | D:2      | Reached skill level 3 in Fighting
  1632 | D:2      | Reached XP level 5. HP: 37/40 MP: 0/0
  1632 | D:2      | Learned a level 2 spell: Ensorcelled Hibernation
  1644 | D:2      | You are sucked into a shaft and drop 2 floors!
  1665 | D:4      | Identified the ring "Noinaosm" {Fire Int+4}
  1798 | D:5      | Entered Level 5 of the Dungeon
  2087 | D:3      | Identified the +0 cloak of Doocinor {rPois Str+2 Dex+2}
  2177 | D:3      | Found a faded altar of an unknown god.
  2183 | D:3      | Noticed a shining eye
  2189 | D:3      | Reached XP level 6. HP: 36/46 MP: 0/0
  2191 | D:3      | Noticed a great orb of eyes
  2191 | D:3      | Noticed a glass eye
  2191 | D:3      | Noticed an eye of devastation
  2490 | D:3      | Reached skill level 4 in Fighting
  2909 | D:4      | Noticed Pikel
  2945 | D:4      | Found a staircase to the Ecumenical Temple.
  3151 | Temple   | Entered the Ecumenical Temple
  3200 | Temple   | Became a worshipper of Nemelex Xobeh the Trickster
  3244 | D:4      | Found a basalt altar of Yredelemnul.
  3245 | D:4      | Found a shimmering altar of Xom.
  3246 | D:4      | Found a snail-covered altar of Cheibriados.
  3246 | D:4      | Found a burning altar of Makhleb.
  3306 | D:4      | Killed Pikel
  3307 | D:4      | Reached skill level 5 in Fighting
  3307 | D:4      | Reached skill level 5 in Spellcasting
  3307 | D:4      | Reached skill level 5 in Conjurations
  3307 | D:4      | Reached skill level 5 in Hexes
  3307 | D:4      | Reached skill level 5 in Summonings
  3307 | D:4      | Reached skill level 5 in Necromancy
  3307 | D:4      | Reached skill level 5 in Translocations
  3307 | D:4      | Reached skill level 5 in Fire Magic
  3307 | D:4      | Reached skill level 5 in Ice Magic
  3307 | D:4      | Reached skill level 5 in Air Magic
  3307 | D:4      | Reached skill level 5 in Earth Magic
  3307 | D:4      | Reached skill level 5 in Alchemy
  3307 | D:4      | Reached XP level 7. HP: 44/55 MP: 0/0
  3307 | D:4      | Learned a level 2 spell: Blink
  3511 | D:4      | Found a sacrificial altar of Ru.
  3552 | D:4      | Reached XP level 8. HP: 57/61 MP: 0/0
  3616 | D:4      | Found a blossoming altar of Fedhas.
  3760 | D:5      | Found a white marble altar of Elyvilon.
  3779 | D:5      | Reached skill level 6 in Fighting
  3894 | D:5      | Noticed Ijyb
  3901 | D:5      | Killed Ijyb
  4164 | D:5      | Noticed Sigmund
  4280 | D:5      | Killed Sigmund
  4281 | D:5      | Reached skill level 7 in Fighting
  4345 | D:5      | Noticed Zeia's ghost (novice DsNe)
  4346 | D:5      | Found a transporter.
  4348 | D:5      | Found a transporter.
  4374 | D:5      | Found a hide-covered altar of Uskayaw.
  4404 | D:5      | Noticed Dowan
  4407 | D:5      | Noticed Duvessa
  4421 | D:5      | Killed Duvessa
  4424 | D:5      | Killed Dowan
  4550 | D:5      | Noticed Edmund
  4584 | D:5      | Killed Edmund
  4585 | D:5      | Reached XP level 9. HP: 53/68 MP: 0/0
  4585 | D:5      | Learned a level 4 spell: Passage of Golubria
  4856 | D:5      | Reached * piety under Nemelex Xobeh
  5401 | D:6      | Reached skill level 8 in Fighting
  5443 | D:6      | Found a glowing drain.
  5463 | Sewer    | Entered a sewer
  5463 | Sewer    | Received a gift from Nemelex Xobeh
  6658 | D:6      | Reached ** piety under Nemelex Xobeh
  7495 | D:7      | Noticed a queen bee
  7495 | D:7      | Noticed cforsyth's ghost (novice OnSh)
  7640 | D:7      | Noticed a hornet
  7649 | D:7      | Killed a hornet
  7769 | D:6      | Reached skill level 9 in Fighting
  7936 | D:7      | Reached XP level 10. HP: 62/78 MP: 0/0
  8267 | D:7      | Found a transporter.
  8272 | D:7      | Found a transporter.
  8503 | D:6      | Slain by a slime creature

Illustrated notes

Levels and vault maps discovered:
D:1:      tarquinn_simple_flora_water_b, layout_loops_ring,
          chequers_serial_rivers_large_a, grunt_decor_fettered
D:2:      layout_loops_cross, serial_shops, shop, uniq_jessica, uniq_robin
D:3:      layout_rooms, hellmonk_ecumenical_altar_watching_god
D:4:      nicolae_cairo_tiling, layout_loops_ring,
          nicolae_ru_the_path_less_chosen, gammafunk_temple_overflow_statue,
          mainiacjoe_overflow_alcove_3, minmay_temple_entry_glass, uniq_pikel
D:5:      layout_basic, lemuel_tele_altar, mainiacjoe_overflow_brackets,
          gammafunk_ghost_arena, wad_rectangle_vault, uniq_sigmund,
          uniq_duvessa, uniq_edmund, uniq_ijyb
D:6:      layout_basic, portal_sewer_entry_f
D:7:      minmay_the_grid_octo_tiled_squarecenter [minmay_the_grid_octo_empty,
          minmay_the_grid_octo_toaster, minmay_the_grid_octo_pinwheel,
          minmay_the_grid_octo_fat_diamond,
          minmay_the_grid_square_5x5_megaprize_crossed,
          minmay_the_grid_square_5x5_shrine1,
          minmay_the_grid_square_5x5_broken_cross,
          minmay_the_grid_square_5x5_longway,
          minmay_the_grid_square_5x5_two_walls_b], layout_basic,
          nicolae_kikubaaqudgha_miasma_corner, gammafunk_ghost_hive
Temple:   kb_temple_of_zot

Skill      XL: |  1  2  3  4  5  6  7  8  9 10 |
---------------+-------------------------------+-----
Fighting       | 1 2 3 5 7 9 |  9.7
Spellcasting   | 4 5 6 7 8 |  8.0
Conjurations   | 4 5 6 7 8 |  8.0
Hexes          | 4 5 6 7 8 |  8.0
Summonings     | 4 5 6 7 8 |  8.0
Necromancy     | 4 5 6 7 8 |  8.0
Translocations | 4 5 6 7 8 |  8.0
Fire Magic     | 4 5 6 7 8 |  8.0
Ice Magic      | 4 5 6 7 8 |  8.0
Air Magic      | 4 5 6 7 8 |  8.0
Earth Magic    | 4 5 6 7 8 |  8.0
Alchemy        | 4 5 6 7 8 |  8.0
Dodging        | |  2.1
Stealth        | |  1.5

Action                     |  1- 3 |  4- 6 |  7- 9 | 10-12 || total
---------------------------+-------+-------+-------+-------++-------
  Melee: Unarmed           |     1 |     2 |    42 |     2 ||    47
         Punch             |       |       |     3 |       ||     3
   Cast: Sting             |    52 |   120 |   217 |    14 ||   403
         Mephitic Cloud    |       |     7 |    29 |     2 ||    38
         Sticky Flame      |       |     2 |     9 |     5 ||    16
         Magic Dart        |       |       |     2 |       ||     2
         Ensorcelled Hiber |       |       |     1 |       ||     1
    Use: Scroll            |       |       |    15 |       ||    15
 Armour: Robe              |     7 |    24 |    59 |    14 ||   104
  Dodge: Dodged            |     6 |    18 |    55 |     6 ||    85

Table legend: (Time is in decaauts)
 A = Elapsed time spent in this place.
 B = Non-inter-level travel time spent in this place.
 C = Inter-level travel time spent in this place.
 D = Time resting spent in this place.
 E = Time spent auto-exploring this place.
 F = Levels seen in this place.
 G = Mean time per level.
                   A        B        C        D        E       F      G
               +--------+--------+--------+--------+--------+-----+--------+
         Total |   8505 |   8142 |    363 |    739 |   5918 |   9 |  945.0 |
       Dungeon |   7351 |   7043 |    308 |    591 |   5349 |   7 | 1050.1 |
        Temple |     77 |     22 |     55 |      0 |     21 |   1 |   77.0 |
         Sewer |   1075 |   1075 |      0 |    148 |    548 |   1 | 1075.0 |
               +--------+--------+--------+--------+--------+-----+--------+

Top non-repeatable levels by time:
     D:5: 1643 daAuts
     D:6: 1196 daAuts
     D:2: 1118 daAuts
   Sewer: 1075 daAuts
     D:3: 900 daAuts
     D:4: 890 daAuts
     D:7: 854 daAuts
     D:1: 748 daAuts
  Temple: 77 daAuts
